 Dungeon Crawl Stone Soup version 0.31-a0-1620-gcbf77bbcfc (webtiles) character file.

Game seed: 13437677846063290339

164971 whatisthis the Slayer (level 17, -1/174 HPs)
             Began as a Hill Orc Monk on Jan 10, 2024.
             Was the Champion of Nemelex Xobeh.
             Slain by a steelbarb worm (12 damage)
             ... on level 3 of the Lair of Beasts on Jan 11, 2024.
             The game lasted 02:27:52 (31193 turns).

whatisthis the Slayer (Hill Orc Monk)              Turns: 31193, Time: 02:27:53

Health: -1/174     AC: 27    Str: 22    XL:     17   Next: 57%
Magic:  29/29      EV: 11    Int: 10    God:    Nemelex Xobeh [******]
Gold:   3106       SH: 12    Dex: 13    Spells: 16/16 levels left

rFire   . . .        a - +4 broad axe (drain)
rCold   . . .        r - +0 kite shield
rNeg    . . .        V - +0 swamp dragon scales
rPois   +            N - +2 helmet
rElec   .            F - +2 cloak
rCorr   .            W - +0 pair of gloves
SInv    .            A - +1 pair of boots
Will    +....        z - amulet of regeneration
Stlth   +            S - ring of flight
HPRegen 1.29/turn    n - +4 ring of protection
MPRegen 0.21/turn

%: no passive effects
@: on fire, flying, glowing
A: no striking features
}: 1/15 runes: decaying
a: Renounce Religion, Draw Escape, Draw Destruction, Draw Summoning, Triple
Draw, Deal Four, Stack Five


You were on level 3 of the Lair of Beasts.
You worshipped Nemelex Xobeh.
Nemelex Xobeh was exalted by your worship.
You visited 7 branches of the dungeon, and saw 29 of its levels.
You also visited: Sewer.

You collected 3322 gold pieces.
You spent 216 gold pieces at shops.

Inventory:

Hand Weapons
 a - a +4 broad axe of draining (weapon)
 b - a +0 heavy morningstar
Missiles
 e - 33 boomerangs
 y - 44 poisoned darts (quivered)
 D - a throwing net
 J - 6 curare-tipped darts
Armour
 d - an orb of light
 r - a +0 kite shield (worn)
 A - a +1 pair of boots (worn)
 F - a +2 cloak (worn)
 G - a +3 plate armour
 N - a +2 helmet (worn)
 R - a scarf of resistance
 V - +0 swamp dragon scales (worn)
 W - a +0 pair of gloves (worn)
Jewellery
 n - a +4 ring of protection (right hand)
 o - a ring of ice
 x - an amulet of reflection
 z - an amulet of regeneration (around neck)
 Q - a ring of protection from cold
 S - a ring of flight (left hand)
Wands
 B - a wand of light (4)
 E - a wand of mindburst (20)
 O - a wand of polymorph (18)
 Y - a wand of digging (7)
Scrolls
 f - 2 scrolls of poison
 g - 5 scrolls of immolation
 j - 2 scrolls of vulnerability
 q - 2 scrolls of revelation
 s - a scroll of torment
 t - a scroll of brand weapon
 v - 6 scrolls of teleportation
 w - 5 scrolls of fear
 K - 4 scrolls of fog
 M - 2 scrolls of blinking
Potions
 c - 3 potions of ambrosia
 h - 13 potions of curing
 k - 6 potions of lignification
 l - a potion of enlightenment
 m - 4 potions of mutation
 p - 2 potions of attraction
 u - 3 potions of resistance
 C - a potion of brilliance {unknown}
 H - 6 potions of haste
 I - 2 potions of invisibility {unknown}
 L - 2 potions of cancellation
 P - 4 potions of might
 T - 3 potions of berserk rage
 Z - 2 potions of heal wounds {unknown}
Miscellaneous
 X - a lightning rod (3/4)


   Skills:
 + Level 21.6 Fighting
 - Level 17.0 Axes
 + Level 15.1 Armour
 - Level 2.9 Dodging
 + Level 11.5 Shields
 + Level 17.8 Invocations


You had 16 spell levels left.
You didn't know any spells.
Your spell library contained the following spells:

 Spells                   Type           Power      Damage    Failure   Level
 Apportation              Tloc           0%         N/A       67%         1
 Kiss of Death            Conj/Necr      0%         2d5       67%         1
 Magic Dart               Conj           0%         1d3       67%         1
 Blink                    Tloc           0%         N/A       80%         2
 Call Imp                 Summ           0%         N/A       80%         2
 Jinxbite                 Hex            0%         N/A       80%         2
 Lesser Beckoning         Tloc           0%         N/A       80%         2
 Momentum Strike          Conj/Tloc      0%         3d8       80%         2
 Confusing Touch          Hex            0%         N/A       95%         3
 Fugue of the Fallen      Necr           0%         N/A       95%         3
 Gell's Gravitas          Tloc           0%         N/A       95%         3
 Ozocubu's Armour         Ice            0%         N/A       95%         3
 Teleport Other           Tloc           0%         N/A       95%         3
 Dispel Undead            Necr           0%         3d6       100%        4
 Fulminant Prism          Conj/Alch      0%         3d5       100%        4
 Iskenderun's Mystic Bla  Conj/Tloc      0%         2d3       100%        4
 Manifold Assault         Tloc           0%         N/A       100%        4
 Olgreb's Toxic Radiance  Alch           0%         N/A       100%        4
 Vhi's Electric Charge    Tloc/Air       0%         N/A       100%        4
 Alistair's Intoxication  Alch           0%         N/A       100%        5
 Arcjolt                  Conj/Air       0%         1d10      100%        5
 Iskenderun's Battlesphe  Conj           0%         2d6       100%        5
 Summon Forest            Summ/Tloc      0%         N/A       100%        5
 Dispersal                Tloc           0%         N/A       100%        6
 Eringya's Noxious Bog    Alch           0%         4d6       100%        6
 Plasma Beam              Fire/Air       0%         2x1d10    100%        6
 Ozocubu's Refrigeration  Ice            0%         4d7       100%        7
 Summon Hydra             Summ           0%         N/A       100%        7
 Discord                  Hex            0%         N/A       100%        8


Dungeon Overview and Level Annotations

Branches:
Dungeon (15/15)            Temple (1/1) D:6            Lair (5/5) D:11
  Swamp (4/4) Lair:3       Spider (1/4) Lair:3        Slime (1/5) Lair:4
    Orc (2/2) D:12            Elf (0/3) Orc:2        Vaults (0/5) D:13
 Depths (0/4) D:15          Sewer (visited)

Altars:
Ashenzari
Cheibriados
Dithmenos
Elyvilon
Fedhas
Gozag
Hepliaklqana
Kikubaaqudgha
Makhleb
Nemelex Xobeh
Okawaru
Qazlal
Ru
Sif Muna
Trog
Uskayaw
Vehumet
Wu Jian
Xom
Yredelemnul
Zin
The Shining One
Beogh
Jiyva

Shops:
D:5 *   D:10 (   D:13 :   Orc:2 ([=(

Portals:
Trove: D:12 (give 12 potions of heal wounds)

Annotations:
D:3 1 exclusion
D:13 exclusion: downstairs
D:14 Louise
Spider:1 3 runed translucent doors


Message History

The jumping spider leaps!
Throw: 46 darts (poison)
Press: ? - help, Q - select action, (/) - cycle Shift-Dir - straight line, f/p - jumping spider
Aim: a jumping spider (severely wounded, poisoned, lightly drained, 60% to hit)
You throw a poisoned dart.
The poisoned dart closely misses the jumping spider.
The liquid fire burns you!
Throw: 45 darts (poison)
Press: ? - help, Q - select action, (/) - cycle Shift-Dir - straight line, f/p - jumping spider
Aim: a jumping spider (severely wounded, poisoned, lightly drained, 60% to hit)
You throw a poisoned dart.
The poisoned dart hits the jumping spider.
The jumping spider looks even sicker.
The jumping spider is severely wounded.
The liquid fire burns you! The liquid fire burns you!
The jumping spider leaps!
You shake off some of the fire as you move.
The liquid fire burns you!
* * * LOW HITPOINT WARNING * * *
You feel a bit more experienced.
A steelbarb worm comes into view.
You shake off some of the fire as you move.
The liquid fire burns you!
* * * LOW HITPOINT WARNING * * *
There is a crawl-hole back to the Lair, spattered with blood here.
The liquid fire burns you!
* * * LOW HITPOINT WARNING * * *
You block the steelbarb worm's attack.
You shake off some of the fire as you move.
You fly upwards.
Welcome back to the Lair of Beasts!
The liquid fire burns you!
* * * LOW HITPOINT WARNING * * *
There is a hole to the Spider Nest here.
You draw a card...
You have drawn the Pentagram.
The liquid fire burns you!
* * * LOW HITPOINT WARNING * * *
The steelbarb worm hits you!
You die...
Your body glows with a rainbow of weird colours and disappears.

####...## ###P.###.PP# ####
........## ##.##.......####..####
.........###...+........#........
#.......##...#P........#....<....
............#....................
P.......######...%...............
........## #######....#.....[..
.#.#P...P# ##w..######.........
#..###..######.3@..#.# ##.#.....#
#######.###.#.#.R.#.## ##..#..##
#.#..###.###.#.#.# #####...#
###...# ##.#####^## #.####.^.
##..#.####.###^#.#.#####...#'##
#...%..>###^#.#.#.###..........
###.......##.###.#.#.##.#........
..........###^#...#^###.#........
..........##.#.....#.##..........


You could see a steelbarb worm, a neqoxec (summoned, ally target) and a friendly
rakshasa (summoned).

Vanquished Creatures
  Kirke (Lair:5)
  3 thorn hunters
  A fenstrider witch (Swamp:4)
  An orc warlord (Orc:2)
  A very ugly thing (D:15)
  4 eleionomae
  6 bunyips
  2 rakshasas (D:15)
  3 vault guards (D:13)
  2 ghost crabs (Swamp:2)
  An ogre mage (D:15)
  13 alligators
  17 hydras
  6 centaur warriors
  2 boulder beetles
  4 tengu warriors
  2 catoblepae
  8 two-headed ogres
  An orc high priest (Orc:2)
  Amaemon (Lair:2)
  2 fire crabs
  2 skeletal warriors (D:12)
  5 goliath frogs
  2 skysharks
  6 spriggan druids
  A sun moth (Spider:1)
  10 swamp dragons
  A glowing orange brain (D:15)
  4 bog bodies
  Pikel (D:5)
  2 orc knights
  A wolf spider (Lair:3)
  3 ugly things
  2 will-o-the-wisps (Swamp:3)
  2 orc sorcerers
  5 cyclopes
  4 manticores
  A faun (D:15)
  2 kobold blastminers (Orc:2)
  4 meliai
  5 black mambas
  Joseph (D:9)
  13 cane toads
  A gargoyle (D:13)
  An orange demon (Lair:2)
  3 torpor snails
  An eye of devastation (shapeshifter) (D:15)
  4 rime drakes
  3 kobold demonologists
  An efreet (D:13)
  9 komodo dragons
  2 unseen horrors
  2 guardian mummies (D:12)
  Psyche (D:10)
  5 trolls
  9 tyrant leeches
  12 hornets
  2 polar bears
  A tarantella (Swamp:2)
  5 blink frogs
  Grinder (D:4)
  Prince Ribbit (D:8)
  A raiju (shapeshifter) (D:15)
  16 dream sheep
  4 slime creatures (D:15)
  5 jumping spiders
  A spriggan (shapeshifter) (D:13)
  16 spriggans
  36 yaks
  2 shadows
  3 fire bats (Lair:5)
  5 wyverns
  A human (Spider:1)
  4 wraiths
  2 culicivoras
  Grum (D:8)
  4 basilisks
  3 hogs
  A steam dragon (D:9)
  9 vampire mosquitoes
  5 redbacks
  4 wargs
  11 swamp worms
  19 water moccasins
  A sky beast (D:8)
  13 black bears
  9 swamp drakes
  An ice beast (D:7)
  33 orc warriors
  An ice beast (shapeshifter) (D:15)
  10 ogres
  3 boggarts (Lair:5)
  27 wolves
  2 phantoms (D:12)
  6 centaurs
  5 kobold brigands
  17 bullfrogs
  2 gnoll sergeants
  5 scorpions
  5 wights (D:9)
  8 killer bees
  2 troll zombies (D:12)
  3 electric eels
  8 howler monkeys
  2 jellies
  19 orc priests
  4 bombardier beetles
  8 hounds
  A sleepcap (D:6)
  25 orc wizards
  4 ogre zombies (D:12)
  14 gnolls
  11 adders
  A river rat (Lair:3)
  3 shadow imps
  12 white imps (D:12)
  9 dart slugs
  A ribbon worm (D:4)
  106 orcs
  12 ball pythons
  3 bats
  12 endoplasms
  8 giant cockroaches
  9 goblins
  7 hobgoblins
  3 jackals (D:2)
  6 quokkas
  17 frilled lizards
  A gnoll skeleton (D:12)
  4 gnoll zombies (D:12)
  17 kobolds
  An orc skeleton (D:12)
  17 orc zombies (D:12)
  3 rats
876 creatures vanquished.

Vanquished Creatures (collateral kills)
  the Lernaean hydra (Swamp:4)
  2 hydras
  A death knight (D:14)
  2 two-headed ogres
  3 death yaks (Lair:5)
  Urug (D:12)
  A shock serpent (Swamp:2)
  A skeletal warrior (D:12)
  A swamp dragon (Swamp:4)
  A spriggan druid (Swamp:2)
  A bog body (Swamp:2)
  An orc knight (Orc:1)
  A salamander (Swamp:2)
  3 elephants (Lair:4)
  2 cane toads
  A polar bear (Lair:5)
  2 hornets
  2 dream sheep (Lair:5)
  9 spriggans
  A basilisk (Lair:1)
  7 yaks (Lair:5)
  A hog (Lair:5)
  2 vampire mosquitoes (D:11)
  2 orc warriors
  A black bear (Lair:5)
  A boggart (Lair:5)
  3 wolves
  A troll zombie (D:12)
  An ogre zombie (D:12)
  3 orcs (Orc:1)
  A giant cockroach (Swamp:2)
60 creatures vanquished.

Vanquished Creatures (others)
  A will-o-the-wisp (Swamp:2)
  2 slime creatures (D:15)
  2 humans (Lair:5)
  24 foxfires
  4 tentacles (Swamp:2)
33 creatures vanquished.

Grand Total: 969 creatures vanquished

Notes
Turn   | Place    | Note
-------+----------+-------------------------------------------
     0 | D:1      | whatisthis the Hill Orc Monk began the quest for the Orb.
     0 | D:1      | Reached XP level 1. HP: 19/19 MP: 1/1
   204 | D:1      | Reached XP level 2. HP: 24/27 MP: 2/2
   278 | D:1      | Reached skill level 4 in Fighting
   758 | D:2      | Reached XP level 3. HP: 33/33 MP: 3/3
  1413 | D:3      | Reached XP level 4. HP: 36/41 MP: 4/4
  1437 | D:2      | Reached skill level 5 in Axes
  1446 | D:3      | Reached skill level 1 in Armour
  1528 | D:3      | Noticed an ice beast
  1872 | D:3      | Noticed a scorpion
  1944 | D:4      | Noticed a black bear
  1992 | D:3      | Killed a scorpion
  1993 | D:3      | Reached skill level 5 in Fighting
  1993 | D:3      | Reached XP level 5. HP: 15/48 MP: 5/5
  2502 | D:4      | Killed a black bear
  2503 | D:4      | Reached XP level 6. HP: 48/57 MP: 6/6
  2532 | D:4      | Found a glowing drain.
  2559 | Sewer    | Entered a sewer
  2957 | Sewer    | Reached skill level 6 in Fighting
  2957 | Sewer    | Reached XP level 7. HP: 54/63 MP: 7/7
  3372 | D:5      | Entered Level 5 of the Dungeon
  3372 | D:5      | Noticed Grinder
  3441 | D:4      | Reached skill level 7 in Fighting
  3505 | D:5      | Noticed Pikel
  3566 | D:4      | Paralysed by Grinder for 2 turns
  3584 | D:4      | Killed Grinder
  3585 | D:4      | Reached XP level 8. HP: 30/74 MP: 8/8
  3756 | D:5      | Reached skill level 8 in Fighting
  3861 | D:5      | Killed Pikel
  3862 | D:5      | Reached skill level 9 in Fighting
  3956 | D:5      | Reached skill level 10 in Axes
  4070 | D:5      | Reached XP level 9. HP: 83/83 MP: 9/9
  4224 | D:5      | Found Ziedeos's General Store.
  4306 | D:6      | Found a glowing silver altar of Zin.
  4547 | D:6      | Found a staircase to the Ecumenical Temple.
  4561 | Temple   | Entered the Ecumenical Temple
  4601 | D:6      | Identified the +2 mace of Abaowog {speed, rC+}
  4711 | D:6      | Found a sparkling altar of Nemelex Xobeh.
  4719 | D:6      | Became a worshipper of Nemelex Xobeh the Trickster
  4719 | D:6      | Reached * piety under Nemelex Xobeh
  4719 | D:6      | Received a gift from Nemelex Xobeh
  4719 | D:6      | Reached ** piety under Nemelex Xobeh
  4726 | D:6      | Found a snail-covered altar of Cheibriados.
  4764 | D:6      | Reached skill level 10 in Fighting
  4767 | D:6      | Reached skill level 1 in Invocations
  5106 | D:7      | Noticed Maurice
  5200 | D:7      | Received a gift from Nemelex Xobeh
  5258 | D:7      | Maurice stole an amulet of faith
  5261 | D:7      | Maurice stole 8 poisoned darts
  5262 | D:7      | Maurice stole a +0 heavy morningstar
  5277 | D:7      | Maurice changed into Maurice the bombardier beetle
  5277 | D:7      | Noticed Maurice
  5341 | D:6      | Killed Maurice the bombardier beetle
  5905 | D:8      | Noticed Grum
  5923 | D:8      | Reached skill level 11 in Fighting
  5924 | D:8      | Killed Grum
  5925 | D:8      | Reached skill level 5 in Invocations
  5925 | D:8      | Reached XP level 10. HP: 67/96 MP: 12/14
  6083 | D:8      | Received a gift from Nemelex Xobeh
  6352 | D:8      | Noticed Prince Ribbit
  6368 | D:8      | Killed Prince Ribbit
  6876 | D:8      | Reached skill level 12 in Fighting
  7085 | D:9      | Got Sirch's Tractate on Arcane Combat
  7168 | D:9      | Reached *** piety under Nemelex Xobeh
  7398 | D:9      | Noticed Joseph
  7401 | D:9      | Killed Joseph
  7402 | D:9      | Reached XP level 11. HP: 103/105 MP: 17/17
  7454 | D:9      | You fall into a shaft and drop 1 floor!
  7454 | D:10     | Entered Level 10 of the Dungeon
  7460 | D:9      | Noticed a two-headed ogre
  7500 | D:9      | Killed a two-headed ogre
  7642 | D:9      | Received a gift from Nemelex Xobeh
  7701 | D:9      | Reached skill level 13 in Fighting
  7888 | D:9      | Noticed Erica
  7891 | D:9      | Erica changed into Erica the basilisk
  7891 | D:9      | Noticed Erica
  7906 | D:9      | Killed Erica the basilisk
  8705 | D:10     | Noticed a two-headed ogre
  8720 | D:10     | Killed a two-headed ogre
  8721 | D:10     | Reached skill level 10 in Invocations
  8893 | D:10     | Found Axitivec's Antique Weapon Shoppe.
  8969 | D:10     | Noticed a two-headed ogre
  8972 | D:10     | Noticed Psyche
  8988 | D:10     | Killed a two-headed ogre
  9027 | D:10     | Killed Psyche
  9117 | D:10     | Received a gift from Nemelex Xobeh
  9718 | D:11     | Reached skill level 15 in Axes
  9736 | D:11     | Identified the +1 long sword "Soutz" {vamp, *Rage rPois
                  | Will+ Dex+3 SInv}
  9740 | D:11     | Reached skill level 14 in Fighting
  9810 | D:11     | Identified the +10 dagger of Acaej {elec, rF+ SInv}
  9859 | D:11     | Noticed a manticore
  9940 | D:11     | Noticed a manticore
  9952 | D:11     | Killed a manticore
  9997 | D:11     | Reached **** piety under Nemelex Xobeh
 10014 | D:11     | Reached XP level 12. HP: 117/117 MP: 20/20
 10029 | D:11     | Found a staircase to the Lair.
 10518 | D:11     | Received a gift from Nemelex Xobeh
 10903 | D:12     | Found a frozen archway.
 11024 | D:12     | Noticed a boulder beetle
 11042 | D:12     | Killed a boulder beetle
 11357 | Lair:1   | Entered Level 1 of the Lair of Beasts
 11555 | Lair:1   | Identified the +2 robe of the Bulwark {rC+ rCorr}
 11852 | Lair:1   | Received a gift from Nemelex Xobeh
 12253 | Lair:1   | Reached skill level 15 in Fighting
 12479 | Lair:1   | Received a gift from Nemelex Xobeh
 12759 | Lair:2   | Reached ***** piety under Nemelex Xobeh
 13212 | Lair:2   | Found a burning altar of Makhleb.
 13290 | Lair:2   | Received a gift from Nemelex Xobeh
 13405 | Lair:2   | Noticed Amaemon
 13415 | Lair:2   | Killed Amaemon
 14052 | Lair:3   | Noticed a skyshark
 14066 | Lair:2   | Killed a skyshark
 14067 | Lair:2   | Reached XP level 13. HP: 48/128 MP: 21/23
 14208 | Lair:3   | Noticed Josephine
 14211 | Lair:3   | Found a hole to the Spider Nest.
 14374 | Lair:3   | Reached skill level 16 in Fighting
 14381 | Lair:3   | Reached skill level 5 in Armour
 14518 | Lair:3   | Josephine changed into Josephine the cane toad
 14518 | Lair:3   | Noticed Josephine
 14522 | Lair:2   | Killed Josephine the cane toad
 15135 | Lair:3   | Received a gift from Nemelex Xobeh
 15489 | Lair:3   | Reached skill level 17 in Fighting
 15866 | Lair:3   | Found a staircase to the Swamp.
 16044 | Lair:4   | Received a gift from Nemelex Xobeh
 16439 | Lair:4   | Found a viscous altar of Jiyva.
 16439 | Lair:4   | Found a staircase to the Slime Pits.
 16738 | Lair:4   | Received a gift from Nemelex Xobeh
 16968 | Lair:5   | Entered Level 5 of the Lair of Beasts
 16968 | Lair:5   | Noticed Kirke
 17009 | Lair:5   | Killed Kirke
 17010 | Lair:5   | Reached XP level 14. HP: 141/141 MP: 24/24
 17071 | Slime:1  | Entered Level 1 of the Pits of Slime
 17071 | Slime:1  | Noticed an azure jelly
 17357 | Lair:5   | Reached skill level 18 in Fighting
 17485 | Lair:5   | Identified the -1 trident of Infection {venom, rElec rCorr
                  | Stlth-}
 17699 | Lair:5   | Found an opulent altar of Gozag.
 17736 | Lair:5   | Reached skill level 10 in Armour
 18124 | Lair:5   | Reached skill level 1 in Shields
 18485 | Lair:5   | Received a gift from Nemelex Xobeh
 19230 | Lair:5   | Upgraded the game from 0.31-a0-1616-gbeaec30b81 to
                  | 0.31-a0-1620-gcbf77bbcfc
 19357 | D:11     | Reached skill level 19 in Fighting
 19443 | D:12     | Found a staircase to the Orcish Mines.
 19454 | D:12     | Noticed Urug
 19483 | D:12     | Found a portal to a secret trove of treasure.
 19632 | D:12     | Received a gift from Nemelex Xobeh
 19699 | D:12     | Killed Urug
 19700 | D:12     | Reached skill level 5 in Shields
 19933 | D:12     | Identified the +0 cloak of Fes Neus {rN++}
 20196 | D:13     | Reached ****** piety under Nemelex Xobeh
 20320 | D:13     | Found the +6 arbalest "Damnation" {damnation}
 20450 | D:13     | Reached XP level 15. HP: 121/152 MP: 25/25
 20787 | D:13     | Found Aqyno's Self-Published Books.
 20798 | D:13     | Received a gift from Nemelex Xobeh
 21022 | D:13     | Found a gate to the Vaults.
 21482 | D:14     | Noticed Louise
 21561 | Orc:1    | Entered Level 1 of the Orcish Mines
 21595 | Orc:1    | Received a gift from Nemelex Xobeh
 22249 | Orc:1    | Received a gift from Nemelex Xobeh
 22431 | Orc:2    | Entered Level 2 of the Orcish Mines
 22433 | Orc:2    | Received a gift from Nemelex Xobeh
 22579 | Orc:2    | Found a roughly hewn altar of Beogh.
 22588 | Orc:2    | Found Goresch's Jewellery Emporium.
 22645 | Orc:2    | Found a staircase to the Elven Halls.
 22673 | Orc:2    | Found a roughly hewn altar of Beogh.
 22691 | Orc:2    | Found Luwabair's Weapon Shoppe.
 22786 | Orc:2    | Found a roughly hewn altar of Beogh.
 22837 | Orc:2    | Found a roughly hewn altar of Beogh.
 23140 | Orc:2    | Received a gift from Nemelex Xobeh
 23141 | Orc:2    | Found a roughly hewn altar of Beogh.
 23193 | Orc:2    | Found a roughly hewn altar of Beogh.
 23244 | Orc:2    | Found a roughly hewn altar of Beogh.
 23424 | Orc:2    | Noticed an orc warlord
 23442 | Orc:2    | Killed an orc warlord
 23542 | Orc:2    | Found Viet's Antique Weapon Emporium.
 23542 | Orc:2    | Found a roughly hewn altar of Beogh.
 23551 | Orc:2    | Found Deal's Antique Armour Shoppe.
 23562 | Orc:2    | Bought a pair of boots for 81 gold pieces
 23758 | Orc:2    | Bought a runed cloak for 135 gold pieces
 23966 | D:14     | Identified the +1 quarterstaff "Bytuta" {venom, rCorr Str+3
                  | Int-5 Dex+2}
 24139 | D:14     | Received a gift from Nemelex Xobeh
 24326 | D:15     | Entered Level 15 of the Dungeon
 24924 | D:15     | Received a gift from Nemelex Xobeh
 25022 | D:15     | Reached skill level 15 in Invocations
 25038 | D:15     | Reached skill level 20 in Fighting
 25709 | D:15     | Reached XP level 16. HP: 158/163 MP: 27/27
 25711 | D:15     | Found a staircase to the Depths.
 25923 | Swamp:1  | Entered Level 1 of the Swamp
 26767 | Swamp:1  | Received a gift from Nemelex Xobeh
 27602 | Swamp:2  | Received a gift from Nemelex Xobeh
 27864 | Swamp:2  | Noticed a kraken
 27909 | Swamp:2  | Noticed a thorn hunter
 27921 | Swamp:2  | Killed a thorn hunter
 28161 | Swamp:3  | Reached skill level 10 in Shields
 28191 | Swamp:3  | Received a gift from Nemelex Xobeh
 28471 | Swamp:3  | Reached skill level 21 in Fighting
 28519 | Swamp:3  | Received a gift from Nemelex Xobeh
 29076 | Swamp:4  | Entered Level 4 of the Swamp
 29088 | Swamp:4  | Noticed a thorn hunter
 29122 | Swamp:3  | Killed a thorn hunter
 29123 | Swamp:3  | Reached XP level 17. HP: 49/173 MP: 29/29
 29301 | Swamp:4  | Paralysed by a fenstrider witch for 5 turns
 29743 | Swamp:4  | Received a gift from Nemelex Xobeh
 30585 | Swamp:4  | Noticed the 27-headed Lernaean hydra
 30586 | Swamp:4  | Identified the +2 trident of Crusades {venom, rPois rC+
                  | Dex+4}
 30589 | Swamp:4  | Identified the +5 demon trident of Watchfulness {drain,
                  | rElec rCorr SInv}
 30590 | Swamp:4  | Killed the 27-headed Lernaean hydra
 30591 | Swamp:4  | Reached skill level 15 in Armour
 30665 | Swamp:4  | Got a decaying rune of Zot
 31039 | Spider:1 | Entered Level 1 of the Spider Nest
 31105 | Spider:1 | Found a runed translucent gate.
 31105 | Spider:1 | Found a runed translucent gate.
 31106 | Spider:1 | Found a runed translucent gate.
 31193 | Lair:3   | Slain by a steelbarb worm

Illustrated notes

Levels and vault maps discovered:
D:1:      sevenhm_arrival_forest_fort_large_2, layout_basic
D:2:      layout_basic
D:3:      cheibrodos_old_hovel, layout_loops_cross
D:4:      layout_rooms, cheibrodos_sewer_entry_sluice, minmay_diced_spiral
D:5:      layout_rooms, serial_shops, shop, minmay_misc_feat_square,
          serial_bayou_ford_a, nicolae_concentric_dashed_squares_mild,
          uniq_pikel, uniq_grinder
D:6:      layout_gridville, minitemple, zin_statuary,
          minmay_temple_entry_statues_pillars
D:7:      layout_basic, uniq_maurice
D:8:      layout_loops_corners, hangedman_decor_slide_cut, uniq_grum,
          uniq_prince_ribbit1
D:9:      layout_roguey, uniq_erica, uniq_joseph
D:10:     layout_loops_corners, serial_shops, kennysheep_mini,
          roderic_roman_lattice, minmay_puff, uniq_psyche
D:11:     layout_roguey, due_lair_maze_entry_diamond
D:12:     layout_cross, zombieorc2_lemuel, portal_ice_cave_entry_imps,
          nicolae_trove_entry_path_of_doom, uniq_urug
D:13:     layout_basic, lightli_vaults_fourway_checkpoint, nicolae_custom_books
D:14:     layout_stronghold, nicolae_concentric_dashed_squares_wild, uniq_louise
D:15:     gammafunk_enter_depths_forms, layout_basic
Temple:   compressed_dpeg_triangle_lava_temple
Lair:1:   layout_regular_city, pdpol_lair_cavern_descent
Lair:2:   layout_small_grid, basic_altar, uniq_amaemon
Lair:3:   layout_roguey, mainiacjoe_swamp_entry_angry_trees,
          nicolae_spider_entry_tight_spaces, beast_lair_carwin_6,
          grunt_megastairs_3, uniq_josephine
Lair:4:   layout_long_grid, slime_entry_1, grunt_megastairs_2
Lair:5:   minmay_lair_end_enchanted_forest, layout_gridlike, basic_altar,
          hibernation_bobbens, uniq_kirke
Swamp:1:  layout_basic_swamp, evilmike_swamp_ruin_house_2, swamp_pool_1_2,
          st_swamp_ruins_1
Swamp:2:  layout_basic_swamp, hangedman_swamp_blocks,
          nicolae_swamp_thats_no_hydra
Swamp:3:  layout_basic_swamp, serial_swamp_ruin, evilmike_swamp_ruin_rubble_2,
          hangedman_swamp_ruin_wall
Swamp:4:  swamp_old_school, layout_basic_swamp
Spider:1: layout_spider_delve, gammafunk_ghost_necromancy,
          nicolae_spider_moth_buddies, uniq_rupert, uniq_jorgrun
Slime:1:  layout_caves, cheibrodos_slime_lost_civilization_5
Orc:1:    minmay_goldmine, layout_caves
Orc:2:    grunt_orc_community_town_hall, layout_caves,
          grunt_orc_community_big_house_2, grunt_orc_community_big_house_2,
          grunt_orc_community_house_1, grunt_orc_community_house_3,
          grunt_orc_community_house_1, grunt_orc_community_house_3,
          grunt_orc_community_house_3, grunt_orc_community_house_3, basic_altar,
          nicolae_orc_seminary

Skill      XL: |  1  2  3  4  5  6  7  8  9 10 11 12 13 14 15 16 17 |
---------------+----------------------------------------------------+-----
Fighting       | 4 5 6 7 9 11 12 14 15 17 19 20 21 | 21.6
Axes           | 5 6 8 10 12 13 15 16 17 | 17.0
Armour         | 2 3 4 9 11 13 14 15 | 15.1
Invocations    | 5 8 11 13 15 16 17 | 17.8
Shields        | 5 8 10 11 | 11.5
Dodging        | |  2.9

Action                     |  1- 3 |  4- 6 |  7- 9 | 10-12 | 13-15 | 16-18 || total
---------------------------+-------+-------+-------+-------+-------+-------++-------
  Melee: Hand axe          |    63 |       |       |       |       |       ||    63
         War axe           |    21 |   158 |   302 |   775 |   987 |       ||  2243
         Morningstar       |       |       |       |       |     8 |    36 ||    44
         Broad axe         |       |       |       |       |   562 |   771 ||  1333
  Throw: Dart              |       |     1 |    16 |    67 |    72 |    23 ||   179
         Throwing net      |       |       |       |     2 |       |       ||     2
         Boomerang         |       |       |       |       |     3 |     1 ||     4
 Invoke: Draw Destruction  |       |       |     8 |    16 |    46 |    32 ||   102
         Draw Summoning    |       |       |       |     8 |    18 |    11 ||    37
         Draw Escape       |       |       |       |     4 |     9 |     9 ||    22
  Evoke: Wand              |       |       |       |    12 |     7 |    18 ||    37
         Lightning rod     |       |       |       |       |     8 |     2 ||    10
    Use: Scroll            |       |       |     8 |     9 |    14 |    11 ||    42
         Potion            |       |       |     1 |     1 |     2 |     1 ||     5
 Armour: Ring mail         |    44 |    97 |     3 |       |       |       ||   144
         Chain mail        |       |       |   233 |   675 |   342 |       ||  1250
         Skin              |       |       |     7 |       |       |       ||     7
         Swamp dragon scal |       |       |       |       |   492 |   843 ||  1335
         Plate armour      |       |       |       |       |   515 |       ||   515
  Dodge: Dodged            |    47 |    99 |   112 |   262 |   481 |   326 ||  1327
  Block: Buckler           |       |       |     6 |    47 |       |       ||    53
         Kite shield       |       |       |       |       |   547 |   506 ||  1053

Table legend: (Time is in decaauts)
 A = Elapsed time spent in this place.
 B = Non-inter-level travel time spent in this place.
 C = Inter-level travel time spent in this place.
 D = Time resting spent in this place.
 E = Time spent auto-exploring this place.
 F = Levels seen in this place.
 G = Mean time per level.
                   A        B        C        D        E       F      G
               +--------+--------+--------+--------+--------+-----+--------+
         Total |  31053 |  28900 |   2153 |   4315 |  12207 |  30 | 1035.1 |
       Dungeon |  15046 |  13897 |   1149 |   1547 |   7362 |  15 | 1003.1 |
        Temple |      1 |      1 |      0 |      0 |      0 |   1 |    1.0 |
          Lair |   8362 |   7763 |    599 |   1525 |   2671 |   5 | 1672.4 |
         Swamp |   4796 |   4527 |    269 |   1029 |    873 |   4 | 1199.0 |
   Spider Nest |    105 |    105 |      0 |     39 |      0 |   1 |  105.0 |
    Slime Pits |      1 |      1 |      0 |      0 |      0 |   1 |    1.0 |
  Orcish Mines |   2232 |   2097 |    135 |     79 |   1213 |   2 | 1116.0 |
         Sewer |    506 |    506 |      0 |     96 |     87 |   1 |  506.0 |
               +--------+--------+--------+--------+--------+-----+--------+

Top non-repeatable levels by time:
  Lair:3: 2234 daAuts
  Lair:5: 1833 daAuts
  Lair:2: 1682 daAuts
    D:10: 1629 daAuts
 Swamp:3: 1545 daAuts
    D:15: 1380 daAuts
  Lair:1: 1371 daAuts
   Orc:2: 1362 daAuts
     D:8: 1333 daAuts
    D:11: 1262 daAuts
  Lair:4: 1240 daAuts
    D:13: 1229 daAuts
    D:12: 1223 daAuts
 Swamp:1: 1171 daAuts
 Swamp:4: 1130 daAuts
